cohdb
Replays
Latest Replays
All Replays
Popular Replays
Top Player Replays
Match Explorer
How It Works
Community
CoH3 Stats
Reddit
Sign in to upload your games and track your stats! →
Sign in with Steam
Match 42802273
Unlisted
Match 42802273
Overview
Messages
Build Orders
End
Construct Infanterie Kompanie
Selects Terror Battlegroup
MG 42 Machine Gun Team
Selects Machine Gun Camouflage
Grenadier Squad
Grenadier Squad
GrW 34 Mortar Team
Infanterie Officer Quarters
Construct Panzergrenadier Kompanie
Medical Station
251 Medium Carrier
Grenadier Squad
Construct Panzer Kompanie
Selects No Quarter
Stoßtruppen Squad
MG 42 Bunker
Panzer IV Medium Tank
Panzer IV Medium Tank
Selects Contempt for the Weak
Side Skirts
anioki
_BoRaD_
Subject9
Miravingio
^8Prof. Mcihael
Çükübik
oklopnik
F3nti
0
0
Comments
sign in to comment!
No comments posted yet!